 Dungeon Crawl Stone Soup version 0.14-b1-28-g65d0bb0 (webtiles) character file.

190 MrDeVil909 the Skirmisher (level 5, -4/43 HPs)
             Began as a Formicid Abyssal Knight on Apr 6, 2014.
             Was a Believer of Lugonu.
             Slain by an orc
             ... wielding a +0,+0 whip
              (5 damage)
             ... on Level 4 of the Dungeon.
             The game lasted 00:16:03 (1757 turns).

MrDeVil909 the Skirmisher (Formicid Abyssal Knight) Turns: 1757, Time: 00:16:03

HP  -4/43        AC  5     Str 18      XL: 5   Next: 26%
MP   8/8         EV 10     Int 11      God: Lugonu [**....]
Gold 69          SH  0     Dex 10      Spells:  0 memorised,  4 levels left

rFire  . . .     SeeInvis +     a - +1 falchion
rCold  . . .     Clarity  +     j - +0 ring mail
rNeg   . . .     Conserve .     (no shield)
rPois  .         rCorr    .     (helmet unavailable)
rElec  .         rRot     .     (no cloak)
SustAb . .       Spirit   .     (no gloves)
rMut   .         Warding  .     (no boots)
Saprov . . .     Stasis   +     k - amulet of clarity
MR     .....                    (no ring)
                                (no ring)

@: not resistant to hostile enchantments, extremely unstealthy
A: permanent stasis, dig shafts and tunnels, four strong arms, antennae 3
a: Dig, Shaft Self, Depart the Abyss, Bend Space, Renounce Religion


You were on level 4 of the Dungeon.
You worshipped Lugonu.
Lugonu was pleased with you.
You were not hungry.

You visited 1 branch of the dungeon, and saw 4 of its levels.
You visited the Abyss 1 time.

You collected 69 gold pieces.

Inventory:

Hand weapons
 a - a +1,+1 falchion (weapon)
 i - a +0,+0 short sword
 p - a +0,+0 short sword
 q - a +0,+0 dagger
Armour
 b - a +0 leather armour
 h - a +0 robe
 j - a +0 ring mail (worn)
 l - a +0 ring mail
 s - a +0 ring mail
 v - a +0 helmet
Comestibles
 c - a bread ration
 u - a chunk of giant newt flesh
Scrolls
 d - 3 scrolls of remove curse
 f - 3 scrolls of enchant weapon I {unknown}
 g - 3 scrolls of identify
 m - a scroll of noise {unknown}
 n - a scroll of blinking {unknown}
 o - a scroll of random uselessness {unknown}
Jewellery
 k - an amulet of clarity (around neck)
Potions
 e - a potion of heal wounds
 r - a potion of curing {unknown}
 t - a potion of berserk rage {unknown}


   Skills:
 + Level 4.3 Fighting
 + Level 2.4 Long Blades
 + Level 3.3 Armour
 + Level 2.1 Dodging
 + Level 0.3 Stealth
 + Level 2.3 Invocations


You had 4 spell levels left.
You didn't know any spells.

Dungeon Overview and Level Annotations

Branches:
Dungeon (4/15)
 Temple: D:4-7

Altars:
Okawaru


Innate Abilities, Weirdness & Mutations

Your are under a permanent stasis effect.
You can dig through walls and to a lower floor.
Your four strong arms can wield two-handed weapons with a shield.
You have a pair of large antennae on your head (SInv).


Message History

Lugonu accepts your kill.
Your Armour skill increases to level 3!
Your Dodging skill increases to level 2!
You have reached level 5!
You slash the orc!
You kill the orc!
Lugonu accepts your kill.
You hit the orc but do no damage. The orc hits you with a whip.
* * * LOW HITPOINT WARNING * * *
The orc closely misses you.
You barely miss the orc. The orc hits you but does no damage.
You barely miss the orc. The orc hits you but does no damage.
You slash the orc!
The orc is severely wounded.
The orc hits you with a whip.
* * * LOW HITPOINT WARNING * * *
You closely miss the orc.
The orc is severely wounded.
The orc hits you with a whip.
You die...

. #. #o #o #. #.
#.
#.################
#...o@...........#
################.#
{ #...# #.### #.#
#.# #.# #.# #.#


You could see an orc.

Vanquished Creatures
  An orc priest (D:4)
  2 adders (D:2)
  3 gnolls (D:3)
  A giant mite (D:1)
  A giant gecko (D:2)
  2 orcs
  A ball python (D:3)
  4 bats
  2 giant cockroaches
  2 hobgoblins (D:2)
  A quokka (D:2)
  2 giant newts
  4 goblins (D:2)
  5 kobolds
  A rat (D:2)
32 creatures vanquished.

Notes
Turn   | Place    | Note
--------------------------------------------------------------
     0 | Abyss:1  | MrDeVil909, the Formicid Abyssal Knight, began the quest for the Orb.
     0 | Abyss:1  | Reached XP level 1. HP: 18/18 MP: 1/1
    51 | D:1      | Escaped the Abyss
   112 | D:1      | Reached XP level 2. HP: 14/24 MP: 3/3
   628 | D:2      | Reached skill level 4 in Fighting
   628 | D:2      | Reached XP level 3. HP: 28/30 MP: 5/5
   787 | D:2      | Found an iron altar of Okawaru.
   891 | D:2      | Acquired Lugonu's second power
   891 | D:2      | Reached skill level 1 in Dodging
  1046 | D:2      | Reached XP level 4. HP: 11/37 MP: 6/6
  1751 | D:4      | Reached XP level 5. HP: 6/43 MP: 8/8
  1756 | D:4      | HP: 1/43 [orc/whip (3)]
  1757 | D:4      | Slain by an orc

Action                   |  1- 3 |  4- 6 || total
-------------------------+-------+-------++-------
Melee: Falchion          |    74 |    43 ||   117
  Use: Scroll            |     1 |       ||     1
       Potion            |     1 |       ||     1
